AoeStats
← Chaos

MegaRandom

509747868Analyzed
4v4 RM · 5d ago on Sep 27, 2026· 43m 16s· 8 players
Game mode
Random Map
Map size
Large (8 player)
Population
200
Speed
Normal
Resources
Standard
Victory
Conquest
Starting age
Dark Age
Ending age
Imperial Age
RankedLock teamsTeams togetherTeam positionsShared explorationLock speedFull tech treeHidden civsTurbo modeCheats
Victory
Defeat
🇨🇳 Spanish · China
1658
+13
🇲🇽 Persians · Mexico
1650
+13
🇨🇦 Tupi · Canada
1646
+13
🇮🇳 Khmer · India
1629
+14
🇧🇪 Varangians · Belgium
1818
-22
🇵🇪 Inca · Peru
1662
-15
🇨🇴 Britons · Colombia
1443
-8
🇺🇸 Saxons · United States
1428
-8
albafica_
5:30 Loom
8:36 Feudal Age
8:59 Double-Bit Axe
14:31 Wheelbarrow
19:55 Castle Age
18:47 Scale Barding Armor
18:52 Forging
19:03 Bloodlines
27:42 Husbandry
28:14 Bow Saw
28:50 Gold Mining
29:53 Chain Barding Armor
32:48 Iron Casting
35:59 Gold Shaft Mining
35:05 Horse Collar
41:43 Hand Cart
45:25 Imperial Age
kerwin
9:26 Feudal Age
9:37 Loom
10:03 Double-Bit Axe
10:26 Horse Collar
19:52 Castle Age
18:12 Fishing Lines
19:05 Bloodlines
20:00 Light Cavalry
21:06 Scale Barding Armor
22:40 Wheelbarrow
21:59 Gillnets
24:02 Bow Saw
23:53 Heavy Plow
25:26 Chain Barding Armor
26:15 Forging
26:46 Town Watch
27:22 Gold Mining
28:11 Husbandry
38:43 Imperial Age
36:29 Hand Cart
36:51 Gold Shaft Mining
36:07 Stone Mining
37:15 Iron Casting
38:49 Elite Battle Elephant
40:06 Plate Barding Armor
41:30 Blast Furnace
ノルフ
8:20 Loom
10:58 Feudal Age
15:05 Castle Age
14:44 Double-Bit Axe
17:03 Bow Saw
17:20 Horse Collar
19:16 Fletching
23:35 Padded Archer Armor
23:33 Bodkin Arrow
27:45 Ballistics
28:54 Heavy Plow
28:45 Gold Mining
33:03 Wheelbarrow
35:24 Imperial Age
34:49 Gold Shaft Mining
34:06 Stone Mining
35:13 Padded Archer Armor
36:13 Curare
36:28 Bracer
37:31 Chemistry
38:21 Hand Cart
37:51 Town Watch
38:25 Leather Archer Armor
38:22 Forging
38:12 Scale Mail Armor
39:49 Ring Archer Armor
42:02 Town Patrol
41:35 Elite Blackwood Archer
42:43 Chain Mail Armor
43:03 Iron Casting
Bz_青红
6:18 Loom
8:54 Feudal Age
9:37 Double-Bit Axe
10:01 Horse Collar
19:27 Castle Age
18:18 Stone Mining
18:20 Gold Mining
20:20 Scale Barding Armor
21:21 Chain Barding Armor
22:04 Bloodlines
25:10 Padded Archer Armor
28:58 Leather Archer Armor
40:49 Imperial Age
39:29 Wheelbarrow
41:13 Elite Conquistador
42:15 Conscription
42:44 Ring Archer Armor
brendan.killough
10:26 Feudal Age
11:30 Double-Bit Axe
14:34 Wheelbarrow
17:29 Castle Age
16:11 Horse Collar
16:26 Gold Mining
16:27 Stone Mining
18:40 Bow Saw
20:40 Loom
23:53 Hand Cart
24:20 Hand Cart
24:58 Squires
24:44 Gambesons
24:45 Arson
25:03 Scale Mail Armor
25:14 Forging
25:53 Heavy Plow
29:04 Chain Mail Armor
29:30 Iron Casting
36:39 Imperial Age
34:57 Ballistics
34:44 Fletching
36:32 Bodkin Arrow
36:38 Padded Archer Armor
38:28 Two-Man Saw
38:00 Conscription
37:06 Shield Wall
37:41 Cranequins
38:31 Bracer
38:57 Leather Archer Armor
39:54 Chemistry
39:17 Thumb Ring
39:30 Husbandry
39:40 Bloodlines
39:00 Pikeman
39:45 Halberdier
40:55 Heavy Mounted Crossbowman
42:33 Plate Mail Armor
42:33 Ring Archer Armor
42:44 Murder Holes
42:59 Masonry
42:30 Treadmill Crane
42:41 Guard Tower
SrAnderson
9:52 Feudal Age
10:01 Loom
10:37 Double-Bit Axe
17:23 Fletching
17:39 Padded Archer Armor
24:27 Castle Age
24:04 Gold Mining
24:06 Stone Mining
25:50 Wheelbarrow
25:27 Bow Saw
24:43 Crossbowman
25:21 Bodkin Arrow
26:01 Leather Archer Armor
30:38 Ballistics
Chaos
8:47 Feudal Age
9:11 Loom
9:36 Double-Bit Axe
15:23 Bloodlines
23:24 Castle Age
21:35 Forging
22:11 Scale Barding Armor
22:21 Gold Mining
26:43 Bow Saw
27:41 Wheelbarrow
32:52 Horse Collar
33:45 Hand Cart
34:44 Husbandry
35:23 Chain Barding Armor
39:42 Iron Casting
LE | Dabighead
13:56 Feudal Age
14:53 Double-Bit Axe
14:51 Horse Collar
15:26 Loom
18:01 Castle Age
17:19 Gold Mining
17:21 Stone Mining
18:09 Scale Mail Armor
18:19 Forging
19:56 Bow Saw
25:16 Squires
28:24 Heavy Plow
33:18 Imperial Age
32:26 Chain Mail Armor
34:05 Iron Casting
34:47 Plate Mail Armor
37:46 Blast Furnace
38:42 Crop Rotation
Connection lost

Rejoining the realm…

Still unreachable

The connection could not be restored.

Session expired

The server has moved on; the page needs a fresh start.